 Dungeon Crawl Stone Soup version 0.25-a0-565-g8875c97ebb (webtiles) character file.

Game seed: 17427896032376506871, levelgen mode: deterministic

68 Flugslaktarn the Covered (level 4, 0/42 HPs)
             Began as a Deep Dwarf Fighter on Feb 26, 2020.
             Killed from afar by an orc wizard (4 damage)
             ... with a magic dart
             ... on level 4 of the Dungeon.
             The game lasted 00:00:38 (646 turns).

Flugslaktarn the Covered (Deep Dwarf Fighter)        Turns: 646, Time: 00:00:38

Health: 0/42       AC:  6    Str: 21    XL:     4   Next: 1%
Magic:  3/3        EV:  7    Int:  8    God:
Gold:   36         SH:  9    Dex: 12    Spells: 3/3 levels left

rFire    . . .     SeeInvis .   a - +0 war axe
rCold    . . .     Gourm    .   c - +0 kite shield
rNeg     . . .     Faith    .   b - +0 scale mail
rPois    .         Spirit   .   (no helmet)
rElec    .         Reflect  .   (no cloak)
rCorr    .         Harm     .   (no gloves)
MR       .....                  (no boots)
Stlth    ..........             (no amulet)
HPRegen  0.00/turn              (no ring)
MPRegen  0.08/turn              (no ring)

@: non-regenerating
A: damage resistance, heal wounds, sense surroundings 1, no regeneration
a: Heal Wounds


You were on level 4 of the Dungeon.
You were not hungry.

You visited 1 branch of the dungeon, and saw 4 of its levels.

You collected 36 gold pieces.

Inventory:

Hand Weapons
 a - a +0 war axe (weapon)
Missiles
 h - a throwing net (quivered)
Armour
 b - a +0 scale mail (worn)
 c - a +0 kite shield (worn)
Scrolls
 i - a scroll of identify {unknown}
 m - 2 scrolls of remove curse {unknown}
 n - a scroll of blinking {unknown}
Potions
 d - a potion of might
 g - a potion of heal wounds {unknown}
 j - 2 potions of curing {unknown}
 k - a potion of degeneration {unknown}
 l - 2 potions of cancellation {unknown}
Comestibles
 e - 3 rations
 f - 4 chunks of flesh


   Skills:
 * Level 3.3 Fighting
 * Level 3.3 Axes
 + Level 3.6 Armour
 + Level 3.6 Shields


You had 3 spell levels left.
You didn't know any spells.
Your spell library was empty.

Dungeon Overview and Level Annotations

Branches:
Dungeon (4/15)
 Temple: D:4-7

Altars:


Innate Abilities, Weirdness & Mutations

You are resistant to damage.
You can heal yourself by infusing magical energy.
You passively map a small area around you.
You do not regenerate.


Message History

* * * LOW HITPOINT WARNING * * *
You are confused.
Something hits you but does no damage.
Unknown command.
You closely miss something. Something hits you.
You hear some strange, mumbled words.
A magic dart appears from out of thin air!
The magic dart hits you.
* * * LOW HITPOINT WARNING * * *
You're too confused!
You completely miss something. Something hits you but does no damage.
You're too confused!
You bump into the rock wall.
Something hits you but does no damage.
You're too confused!
You bump into the rock wall.
You feel less confused.
You hear some strange, mumbled words.
A magic dart appears from out of thin air!
The magic dart hits you.
You die...

*
##)#
,* ,
#.#
#.#
,
#.#
#.#
#.#
#.#
*
#{#
,
#@#
#.#
**
#.#
,
#.#
,
#.#
*
#.#
*
#.#
#.#
#.#


There were no monsters in sight!

Vanquished Creatures
  An iguana (D:4)
  An ooze (D:2)
  3 worms
  2 dart slugs (D:2)
  3 orcs (D:4)
  3 bats
  A giant cockroach (D:3)
  4 goblins
  2 hobgoblins
  A frilled lizard (D:2)
  3 kobolds
  2 rats (D:1)
26 creatures vanquished.

Notes
Turn   | Place    | Note
-------+----------+-------------------------------------------
     0 | D:1      | Flugslaktarn the Deep Dwarf Fighter began the quest for the
                  | Orb.
     0 | D:1      | Reached XP level 1. HP: 20/20 MP: 1/1
   257 | D:2      | Reached XP level 2. HP: 16/27 MP: 2/2
   366 | D:2      | Reached XP level 3. HP: 25/34 MP: 2/2
   625 | D:4      | Reached XP level 4. HP: 25/42 MP: 3/3
   646 | D:4      | Killed from afar by an orc wizard

Levels and vault maps discovered:
D:1:      zelgadis_glass_arrival_small, layout_basic, grunt_decor_mini_mirrors
D:2:      layout_basic, first_ration
D:3:      layout_basic, minmay_increasing_density, uniq_ijyb
D:4:      layout_loops_ring, gammafunk_ghost_nasty_kobolds,
          chequers_serial_rivers_large_a, nemelex_dance_club_becter

Skill      XL: |  1  2  3 |
---------------+----------+-----
Fighting       | 3 |  3.3
Axes           | 3 |  3.3
Armour         | |  3.6
Shields        | |  3.6

Action                   |  1- 3 |  4- 6 || total
-------------------------+-------+-------++-------
Melee: War axe           |    64 |     3 ||    67
 Abil: Heal Wounds       |     2 |       ||     2
Armor: Scale mail        |    24 |     5 ||    29
Dodge: Dodged            |    13 |       ||    13
Block: Kite shield       |    33 |       ||    33

Table legend:
 A = Non-vault XP
 B = Vault XP
 C = Vault XP percentage of total XP
 D = Non-vault monster count
 E = Vault monster count
 F = Vault count percentage of total count
                 A         B        C        D         E       F
            +---------+---------+-------+---------+---------+-------
      Total |      98 |       0 |   0.0 |      26 |       0 |   0.0
            +---------+---------+-------+---------+---------+-------
        D:1 |      11 |       0 |   0.0 |       8 |       0 |   0.0
        D:2 |      31 |       0 |   0.0 |       9 |       0 |   0.0
        D:3 |      11 |       0 |   0.0 |       5 |       0 |   0.0
        D:4 |      45 |       0 |   0.0 |       4 |       0 |   0.0
            +---------+---------+-------+---------+---------+-------
